 Dungeon Crawl Stone Soup version 0.28-a0-79-g444c7a33f5 (webtiles) character file.

Game seed: 5628404711533954225

20332 arson the Cleaver (level 12, -5/73 HPs)
             Began as a Vine Stalker Berserker on Aug 3, 2021.
             Was a High Priest of Trog.
             Slain by a black mamba (10 damage)
             ... on level 3 of the Lair of Beasts.
             The game lasted 00:24:11 (10594 turns).

arson the Cleaver (Vine Stalker Berserker)         Turns: 10594, Time: 00:24:13

Health: -5/73      AC: 12    Str: 28    XL:     12   Next: 78%
Magic:  0/13       EV: 11    Int:  7    God:    Trog [*****.]
Gold:   819        SH:  0    Dex: 17    Spells: 11/11 levels left

rFire   + + .      SeeInvis .   N - +4 battleaxe (vorpal)
rCold   . . .      Faith    +   (shield currently unavailable)
rNeg    . . .      Spirit   +   l - +3 scale mail {rF+}
rPois   .          Reflect  .   (no helmet)
rElec   .          Harm     .   v - +0 cloak
rCorr   .          Rampage  .   i - +0 pair of gloves
Will    +++..                   g - +0 pair of boots
Stlth   ..........              D - amulet of faith
HPRegen 2.22/turn               M - +6 ring of strength
MPRegen 0.13/turn               x - ring of protection from fire

@: lethally poisoned (-5 -> -9), strong-willed, on berserk cooldown,
regenerating, slowed, very slow
A: fangs 3, regeneration 1, magic shield, antimagic bite, no potion heal 2
a: Renounce Religion, Berserk, Trog's Hand, Brothers in Arms


You were on level 3 of the Lair of Beasts.
You worshipped Trog.
Trog was extremely pleased with you.
You visited 2 branches of the dungeon, and saw 12 of its levels.

You collected 819 gold pieces.

Inventory:

Hand Weapons
 u - a +4 dire flail of protection
 I - a +5 battleaxe
 N - a +4 vorpal battleaxe (weapon)
Missiles
 K - a throwing net (quivered)
Armour
 g - a +0 pair of boots (worn)
 i - a +0 pair of gloves (worn)
 l - a +3 scale mail of fire resistance (worn)
 v - a +0 cloak (worn)
 C - a +0 plate armour
 G - +0 acid dragon scales
Jewellery
 s - a ring of positive energy
 x - a ring of protection from fire (right hand)
 D - an amulet of faith (around neck)
 M - a +6 ring of strength (left hand)
Wands
 a - a wand of polymorph (10)
 e - a wand of flame (59)
 m - a wand of paralysis (3)
 q - a wand of iceblast (10)
 B - a wand of acid (9)
Scrolls
 c - 4 scrolls of teleportation
 o - a scroll of vulnerability
 p - 2 scrolls of noise
 t - a scroll of immolation {unknown}
 w - a scroll of magic mapping
 y - a scroll of enchant weapon {unknown}
 A - a scroll of acquirement {unknown}
 J - a scroll of fear {unknown}
 L - a scroll of torment {unknown}
 O - a scroll of identify
Potions
 b - a potion of mutation {unknown}
 d - a potion of lignification {unknown}
 f - 2 potions of curing {unknown}
 h - a potion of resistance {unknown}
 j - 4 potions of attraction
 k - 2 potions of heal wounds {unknown}
 n - 3 potions of flight
 r - a potion of brilliance {unknown}
 z - a potion of ambrosia {unknown}
 E - a potion of haste {unknown}
 F - a potion of magic {unknown}
 H - a potion of invisibility {unknown}


   Skills:
 + Level 13.4 Fighting
 + Level 13.4 Axes
 - Level 1.5 Armour
 - Level 1.5 Dodging


You had 11 spell levels left.
You didn't know any spells.
Your spell library was empty.

Dungeon Overview and Level Annotations

Branches:
Dungeon (8/15)             Temple (0/1) D:7            Lair (4/6) D:8
 Shoals (0/4) Lair:2
  Snake: Lair:2-4    Spider: Lair:2-4

Altars:
Ashenzari
Gozag
Okawaru
Ru
Uskayaw
Vehumet
The Shining One

Shops:
D:1 :!:*[   D:4 :


Innate Abilities, Weirdness & Mutations

You have razor-sharp teeth.
Your natural rate of healing is unusually fast.
When hurt, damage is shared between your health and your magic reserves.
Your bite disrupts and absorbs the magic of your enemies.
Potions cannot restore your health.


Message History

The blink frog hits you!
The black mamba bites you but does no damage.
You feel very sick. The black mamba bites you!
You are more poisoned.
The black mamba poisons you!
The blink frog blinks!
The black mamba barely misses you.
You climb upwards.
* * * LOW HITPOINT WARNING * * *
You feel extremely sick.
There is a stone staircase leading down, spattered with blood here.
Okay, then.
Unknown command.
Okay, then.
Okay, then.
Unknown command.
Your skin crawls.
You feel strong-willed.
You feel very sick.
The black mamba bites you but does no damage.
The black mamba misses you. The black mamba barely misses you.
You feel very sick. The black mamba bites you.
* * * LOW HITPOINT WARNING * * *
The black mamba closely misses you.
You feel very sick. The black mamba closely misses you. x2
You feel sick.
The black mamba bites you but does no damage.
You feel sick. The black mamba bites you.
* * * LOW HITPOINT WARNING * * *
You are more poisoned.
The black mamba poisons you! The black mamba closely misses you.
You fail to use your ability.
You feel extremely sick. The black mamba bites you!
* * * LOW HITPOINT WARNING * * *
The black mamba bites you but does no damage.
The black mamba bites you!
You die...

..#.###.....###.....###.....###..
.......#.#.##...#+#.#.#.#.#......
..............#....#.............
..(...........#.....#............
..........<...#8.>.8#............
.................................
...##..#..)...#..8.##..#.........
...#######....##S..##.###^.P[###.
...# #..###....#@......##...#####
...# #....+...P#.).....##..###..P
...###....#.............#..# #...
...##..##..............##..###...
...#....##....##............####'
.......###.....#####.###P..#####.
...............#######.##....##..
..#..#...........................
..#..#...........................


You could see a black mamba.

Vanquished Creatures
  2 hydras (Lair:2)
  Erica (D:8)
  2 two-headed ogres (D:7)
  Pikel (D:8)
  An ugly thing (D:8)
  An oklob plant (Lair:3)
  5 elephants (Lair:3)
  2 black mambas
  Maurice (D:8)
  3 cane toads
  2 komodo dragons
  3 rime drakes
  A polar bear (Lair:3)
  3 blink frogs
  A slime creature (D:7)
  3 wyverns
  20 yaks
  A basilisk (Lair:3)
  3 wargs (D:8)
  Edmund (D:5)
  8 water moccasins
  An acid dragon (D:7)
  3 orc warriors
  3 sky beasts
  2 ice beasts (D:7)
  A black bear (D:7)
  4 ogres
  3 necrophages
  9 wolves (Lair:2)
  3 centaurs
  A phantom (D:7)
  A kobold brigand (D:7)
  6 bullfrogs
  6 scorpions
  A water moccasin zombie (D:5)
  A water moccasin skeleton (D:5)
  7 killer bees
  7 wights (D:8)
  5 howler monkeys
  A crimson imp (D:8)
  A jelly (D:7)
  2 centaur zombies (D:7)
  3 bullfrog zombies (D:5)
  2 hounds
  Crazy Yiuf (D:5)
  3 gnoll shamans
  3 orc priests (D:8)
  4 orc wizards
  Terence (D:3)
  5 iguanas
  A scorpion zombie (D:5)
  9 gnolls
  A howler monkey skeleton (D:6)
  4 adders
  2 white imps
  2 ufetubi
  A worm (D:2)
  5 dart slugs
  28 orcs
  7 bats
  6 endoplasms
  2 giant cockroaches (D:2)
  3 goblins
  10 hobgoblins
  7 jackals
  4 quokkas
  9 ball pythons
  A frilled lizard (D:2)
  12 kobolds
  6 rats
  A butterfly (Lair:3)
276 creatures vanquished.

Vanquished Creatures (others)
  15 fungi
  16 plants
31 creatures vanquished.

Grand Total: 307 creatures vanquished

Notes
Turn   | Place    | Note
-------+----------+-------------------------------------------
     0 | D:1      | arson the Vine Stalker Berserker began the quest for the
                  | Orb.
     0 | D:1      | Reached XP level 1. HP: 11/11 MP: 2/2
   173 | D:1      | Found Waffaf's Book Emporium.
   224 | D:1      | Reached XP level 2. HP: 15/16 MP: 3/3
   251 | D:1      | Found Pokhlev's Distillery.
   284 | D:1      | Found Qudez's Book Emporium.
   461 | D:1      | Found Ocreofell's Antique Armour Emporium.
   559 | D:1      | Found Biwini's Assorted Antiques.
   947 | D:2      | Reached XP level 3. HP: 15/20 MP: 4/4
  1060 | D:2      | Reached ** piety under Trog
  1591 | D:2      | Gained mutation: Your natural rate of healing is unusually
                  | fast. [Vine Stalker growth]
  1591 | D:2      | Reached XP level 4. HP: 22/24 MP: 5/5
  2068 | D:3      | Found a broken altar of Ashenzari.
  2126 | D:3      | Noticed Terence
  2132 | D:3      | Killed Terence
  2197 | D:3      | Reached XP level 5. HP: 29/29 MP: 6/6
  2780 | D:4      | Reached *** piety under Trog
  2912 | D:4      | Noticed a necrophage
  2918 | D:4      | Killed a necrophage
  2919 | D:4      | Reached XP level 6. HP: 34/34 MP: 7/7
  3022 | D:4      | Found a radiant altar of Vehumet.
  3062 | D:4      | Found Xyett's Self-Improvement Boutique.
  3566 | D:5      | Entered Level 5 of the Dungeon
  3571 | D:5      | Reached skill level 5 in Fighting
  3571 | D:5      | Reached skill level 5 in Axes
  3648 | D:5      | Reached XP level 7. HP: 27/39 MP: 8/8
  3955 | D:5      | Gained mutation: You have razor-sharp teeth. [Vine Stalker
                  | growth]
  3955 | D:5      | Reached XP level 8. HP: 44/45 MP: 9/9
  3970 | D:5      | Found an opulent altar of Gozag.
  4038 | D:5      | Noticed Edmund
  4062 | D:5      | Killed Edmund
  4137 | D:5      | Found a runed translucent door.
  4138 | D:5      | Noticed Crazy Yiuf
  4179 | D:5      | Killed Crazy Yiuf
  4560 | D:6      | Reached XP level 9. HP: 51/51 MP: 10/10
  4614 | D:6      | Found an iron altar of Okawaru.
  4631 | D:6      | Reached **** piety under Trog
  4923 | D:7      | Found a glowing golden altar of the Shining One.
  5313 | D:7      | Noticed a two-headed ogre
  5401 | D:7      | Found a staircase to the Ecumenical Temple.
  5799 | D:7      | Noticed a two-headed ogre
  5804 | D:7      | Killed a two-headed ogre
  5805 | D:7      | Reached XP level 10. HP: 43/58 MP: 5/11
  5978 | D:7      | Reached skill level 10 in Fighting
  5978 | D:7      | Reached skill level 10 in Axes
  5981 | D:7      | Reached ***** piety under Trog
  6117 | D:7      | Killed a two-headed ogre
  6689 | D:8      | Received a gift from Trog
  6812 | D:8      | Noticed a purple ugly thing
  6819 | D:8      | Killed a purple ugly thing
  6878 | D:8      | Found a staircase to the Lair.
  6908 | D:8      | Noticed Maurice
  6929 | D:8      | Killed Maurice
  6930 | D:8      | Reached XP level 11. HP: 65/65 MP: 10/12
  6932 | Lair:1   | Entered Level 1 of the Lair of Beasts
  6934 | D:8      | Noticed Pikel
  7222 | D:8      | Found a hide-covered altar of Uskayaw.
  7222 | D:8      | Found a sacrificial altar of Ru.
  7300 | D:8      | Killed Pikel
  7532 | D:8      | Noticed Erica
  7536 | D:8      | Killed Erica
  8760 | Lair:2   | Noticed a six-headed hydra
  8769 | Lair:2   | Killed a nine-headed hydra
  8835 | Lair:2   | Found a staircase to the Shoals.
  8874 | Lair:2   | Reached XP level 12. HP: 72/72 MP: 13/13
  8891 | Lair:2   | Noticed an eight-headed hydra
  9352 | Lair:2   | Killed an 11-headed hydra
  9748 | Lair:3   | Received a gift from Trog
 10594 | Lair:3   | Slain by a black mamba

Illustrated notes

Levels and vault maps discovered:
D:1:      denvon_arrival_planthouse, layout_loops_ring, serial_shops, shop,
          shop_statue, shop, nicolae_shop_window_shopping, shop
D:2:      minmay_diamond_boxcup, layout_loops_ring, hangedman_decor_points,
          hangedman_decor_opposing
D:3:      layout_basic, mainiacjoe_overflow_alcove_2, uniq_terence
D:4:      layout_basic, kennysheep_little_box, serial_corexii_hall,
          corexii_hall_statues_u, corexii_hall_statues_x,
          roderic_serpentine_path, nicolae_shop_self_help
D:5:      layout_basic, grunt_gozag_statues, minmay_quadrilaterals,
          uniq_crazy_yiuf_cottage, uniq_edmund
D:6:      layout_basic, lemuel_crystal_altar
D:7:      nzn_winding_woodlands_stair_cross [nzn_winding_woodlands_5x15_jagged,
          nzn_winding_woodlands_center_triple_pond,
          nzn_winding_woodlands_5x15_default,
          nzn_winding_woodlands_5x5_perimeter,
          nzn_winding_woodlands_5x5_closed_star,
          nzn_winding_woodlands_5x15_longhouse,
          nzn_winding_woodlands_center_lodge,
          nzn_winding_woodlands_5x15_split_checker], layout_loops_corners,
          mainiacjoe_overflow_small_starburst, minmay_temple_entry_tees,
          minmay_stone_trees_medium
D:8:      layout_basic, gammafunk_temple_overflow_wave,
          erik_lair_orcish_takeover, minmay_fire_ice_demons, uniq_maurice,
          uniq_pikel, uniq_erica
Lair:1:   layout_gridlike
Lair:2:   layout_regular_city, shoals_dummy_entry
Lair:3:   layout_regular_city, minmay_lair_oklob_chamber, lemuel_fruit_fields,
          grunt_megastairs_1
Lair:4:   layout_long_grid, nicolae_spider_entry_orb_guardian,
          kennysheep_snail_temple

Skill      XL: |  1  2  3  4  5  6  7  8  9 10 11 12 |
---------------+-------------------------------------+-----
Fighting       | 3 4 5 6 7 9 11 12 13 | 13.4
Axes           | 3 4 5 6 7 9 11 12 13 | 13.4
Armour         | |  1.5
Dodging        | |  1.5

Action                   |  1- 3 |  4- 6 |  7- 9 | 10-12 || total
-------------------------+-------+-------+-------+-------++-------
Melee: Hand axe          |   103 |    35 |       |       ||   138
       Bite              |    33 |    24 |    65 |   126 ||   248
       War axe           |       |    73 |   119 |       ||   192
       Battleaxe         |       |       |    86 |   348 ||   434
Invok: Berserk           |     1 |     6 |     7 |    18 ||    32
       Trog's Hand       |       |       |       |     6 ||     6
       Brothers in Arms  |       |       |       |     1 ||     1
Evoke: Wand              |       |       |     4 |     5 ||     9
  Use: Scroll            |       |       |     1 |     7 ||     8
       Potion            |       |       |     1 |       ||     1
Armor: Animal skin       |     1 |       |       |       ||     1
       Ring mail         |    14 |       |       |       ||    14
       Chain mail        |    35 |    12 |       |       ||    47
       Scale mail        |       |    36 |   106 |   190 ||   332
Dodge: Dodged            |    59 |    50 |   107 |   233 ||   449
Block: Other             |       |       |    10 |       ||    10

Table legend: (Time is in decaauts)
 A = Elapsed time spent in this place.
 B = Non-inter-level travel time spent in this place.
 C = Inter-level travel time spent in this place.
 D = Time resting spent in this place.
 E = Time spent auto-exploring this place.
 F = Levels seen in this place.
 G = Mean time per level.
                   A        B        C        D        E       F      G
               +--------+--------+--------+--------+--------+-----+--------+
         Total |  11001 |  10596 |    405 |   1128 |   7247 |  12 |  916.8 |
       Dungeon |   8122 |   7809 |    313 |    784 |   5328 |   8 | 1015.2 |
          Lair |   2879 |   2787 |     92 |    344 |   1919 |   4 |  719.8 |
               +--------+--------+--------+--------+--------+-----+--------+

Top non-repeatable levels by time:
     D:7: 1608 daAuts
     D:8: 1454 daAuts
     D:2: 1188 daAuts
  Lair:2: 1023 daAuts
  Lair:3: 989 daAuts
     D:5: 927 daAuts
     D:1: 892 daAuts
     D:4: 877 daAuts
  Lair:1: 842 daAuts
     D:3: 722 daAuts
     D:6: 450 daAuts
  Lair:4: 23 daAuts
